cohdb
Replays
Latest Replays
All Replays
Popular Replays
Top Player Replays
Match Explorer
How It Works
Community
CoH3 Stats
Reddit
Sign in to upload your games and track your stats! →
Sign in with Steam
Match 45548442
Unlisted
Match 45548442
Overview
Messages
Build Orders
End
Panzergrenadier Squad
Panzergrenadier Squad
250 Light Carrier
Construct Light Support Kompanie
Fire Support Elements
MG34 Team
Combat Half-tracks
Assault Mechanized Group
2.5-tonne Medical Truck
Pak 38 Anti-tank Gun Team
Assault Grenadier Squad
Assault Grenadier Squad
Construct Panzerarmee Kommand
Armored Reserves
Tiger Heavy Tank
Selects Armored Support Battlegroup
Selects Vehicle Awareness
Selects Panzer Storm
Selects Stuka Anti-tank Loiter
Selects Veteran Gunners
Panzergrenadier Squad
Stuka Anti-tank Loiter
Selects Flammpanzer III Medium Tank
Construct Mechanized Kompanie
Construct Mechanized Kompanie
18-tonne Recovery Half-track
Stuka Anti-tank Loiter
Assault Grenadier Squad
Selects Battlefield Salvage
Stuka Anti-tank Loiter
Flak 36 Anti-tank Gun Team
Assault Grenadier Squad
18-tonne Recovery Half-track
Scary chicken
giants041
Alessondria
北风
RitraXP
mak191mmm
速趴塞牙人
McVidelita
0
0
Comments
sign in to comment!
No comments posted yet!